 Dungeon Sprint DCSS version 0.31-a0-845-g9abc20d24f (webtiles) character file.

Game seed: 14974742585735221363

138 rocky1 the Protected (level 8, 0/79 HPs)
             Began as a Minotaur Fighter on Oct 2, 2023.
             Was an Initiate of Gozag.
             Slain by an ice devil (10 damage)
             ... in the Dungeon (Sprint VI: "Thunderdome").
             The game lasted 00:07:03 (378 turns).

rocky1 the Protected (Minotaur Fighter)              Turns: 378, Time: 00:07:04

Health: 0/79       AC: -14   Str: 22    XL:     8   Next: 27%
Magic:  7/7        EV: 11    Int:  5    God:    Gozag
Gold:   472        SH:  6    Dex: 11    Spells: 7/7 levels left

rFire   . . .        a - +0 war axe
rCold   . . .        c - +0 buckler
rNeg    . . .        b - +0 scale mail
rPois   .            (helmet restricted)
rElec   .            (no cloak)
rCorr   .            (no gloves)
SInv    .            (no boots)
Will    .....        (no amulet) Stlth
                     (no ring)
HPRegen 0.33/turn    (no ring)
MPRegen 0.10/turn

%: no teleportation
@: lethally poisoned (0 -> -10), corroded
A: horns 2, retaliatory headbutt
a: Renounce Religion, Potion Petition, Call Merchant, Bribe Branch


You were in the Dungeon.
You worshipped Gozag.
Gozag was aware of your devotion.
You visited 1 branch You collected 1165 gold pieces.
You spent 693 gold pieces at shops.

Inventory:

Hand Weapons
 a - a +0 war axe (weapon)
Armour
 b - a +0 scale mail (worn)
 c - a +0 buckler (worn)
Wands
 m - a wand of roots (1)
Scrolls
 j - a scroll of blinking
 n - 2 scrolls of fog
Potions
 d - 8 potions of curing
 e - 13 potions of heal wounds
 g - 4 potions of haste
 h - 2 potions of magic
 k - a potion of resistance


   Skills:
 + Level 10.1 Fighting
 + Level 11.7 Axes
 + Level 11.9 Armour
 + Level 3.1 Dodging
 + Level 1.7 Stealth
 + Level 10.1 Shields
 + Level 3.5 Evocations


You had 7 spell levels left.
You didn't know any spells.
Your spell library was empty.

Dungeon Overview and Level Annotations

Branches:
Dungeon (1/1)

Altars:
Cheibriados
Dithmenos
Fedhas
Gozag
Kikubaaqudgha
Makhleb
Okawaru
Qazlal
Ru
Sif Muna
Trog
Uskayaw
Vehumet
Wu Jian
Xom
Yredelemnul
Zin
The Shining One
Lugonu

Shops:
D *[=??*?*:[((!!!!


Innate Abilities, Weirdness & Mutations

You have a pair of horns on your head.
You reflexively headbutt those who attack you in melee.


Message History

Unknown command.
You slash the ice devil!
The ice devil is moderately wounded.
The grasping roots constrict the ice devil.
The ice devil closely misses you. You furiously retaliate!
You headbutt the ice devil, but do no damage.
Aiming: Fastroot
Press: ? - help, Shift-Dir - straight line, f - orange demon
Aim: an orange demon The roots erupt in riotous growth!
Roots grab the orange demon.
The ice devil is unaffected.
The grasping roots constrict the ice devil!
The grasping roots constrict the orange demon.
The orange demon stings you from afar! The ice devil closely misses you.
You hit the ice devil but do no damage.
You headbutt the ice devil, but do no damage.
The ice devil is severely wounded.
The grasping roots constrict the ice devil.
The grasping roots constrict the orange demon.
The roots release their grip on the ice devil.
The orange demon barely misses you. The ice devil hits you!
The ice devil freezes you!
You hit the ice devil but do no damage.
The ice devil is severely wounded.
The grasping roots constrict the orange demon!
The roots release their grip on the orange demon.
The orange demon stings you from afar!
You are poisoned.
The orange demon poisons you! The ice devil barely misses you.
You furiously retaliate!
You headbutt the ice devil, but do no damage.
You hit the ice devil.
The ice devil is almost dead.
You feel very sick. The orange demon stings you from afar!
* * * LOW HITPOINT WARNING * * *
The ice devil hits you!
You die...
Your body crumbles into a pile of gold.

##∩.....∩## #∩.......∩#
#_........# #_......._#
#4......._#
###4......[.###
#⌠.........[.⌠#
#.8.........8.######
......###.......@_∩##
..$.8.# #.8.....4..∩###
......###........4....##
...###...###..........⌠#
...# #.<.# #....).§§§.⌠#
...###...###.....§.§§§⌠#
......###.......§§§§§§##
....8.# #.8..)..§§§§###
....).###......_§§§##


You could see an orange demon and an ice devil.

Vanquished Creatures
  A rust devil (D)
  An orange demon (D)
  An ice devil (D)
  Pargi (D)
  A quasit (D)
  6 orc priests (D)
  2 iron imps (D)
  A hell rat (D)
  A river rat (D)
  A shadow imp (D)
  An ufetubus (D)
  3 rats (D)
20 creatures vanquished.

Notes
Turn   | Place    | Note
-------+----------+-------------------------------------------
     0 | D        | rocky1 the Minotaur Fighter began the quest for the Orb.
     0 | D        | Reached XP level 1. HP: 19/19 MP: 0/0
     3 | D        | Found a glowing silver altar of Zin.
     4 | D        | Found a shimmering altar of Xom.
     4 | D        | Found a glowing golden altar of the Shining One.
     5 | D        | Found a hide-covered altar of Uskayaw.
     5 | D        | Found a bloodstained altar of Trog.
     5 | D        | Round 1.
     6 | D        | Found Myutz's Timeless Talismans.
     6 | D        | Found an iron altar of Okawaru.
     6 | D        | Found an ornate altar of the Wu Jian Council.
     6 | D        | Found Qonat's Identification Station.
     7 | D        | Found Rehu's Jewellery.
     7 | D        | Found Jahif's Advanced Armour.
     7 | D        | Found a sacrificial altar of Ru.
    10 | D        | Noticed a quasit
    17 | D        | Killed a quasit
    18 | D        | Reached skill level 5 in Fighting
    18 | D        | Reached skill level 5 in Armour
    18 | D        | Reached skill level 5 in Shields
    18 | D        | Reached XP level 2. HP: 29/29 MP: 1/1
    18 | D        | Reached XP level 3. HP: 36/36 MP: 2/2
    21 | D        | Found a blossoming altar of Fedhas.
    22 | D        | Found a corrupted altar of Lugonu.
    36 | D        | Found Rusy's Magic Scroll Shop.
    37 | D        | Found a stormy altar of Qazlal.
    37 | D        | Found an opulent altar of Gozag.
    37 | D        | Found Xiugram's Staff Store.
    37 | D        | Found Plog's Magic Scroll Shop.
    37 | D        | Found Plog's Must-Have Magic.
    47 | D        | Reached skill level 1 in Evocations
    47 | D        | Reached XP level 4. HP: 29/45 MP: 3/3
    55 | D        | Arena points: 12 (+12) [x2]
    56 | D        | Found a radiant altar of Vehumet.
    62 | D        | Became a worshipper of Gozag Ym Sagoz the Greedy
    68 | D        | Found Qielaozi's Distillery.
    69 | D        | Found an ancient bone altar of Kikubaaqudgha.
    69 | D        | Found a shadowy altar of Dithmenos.
    69 | D        | Found a burning altar of Makhleb.
    69 | D        | Found Micvyzol's Do-It-Yourself Clinic.
    70 | D        | Found Cuopom's Distillery.
    70 | D        | Found Ukhuig's Bottled Wisdom.
    93 | D        | Round 2.
   108 | D        | Noticed Pargi
   115 | D        | Reached XP level 5. HP: 17/52 MP: 4/4
   118 | D        | Killed Pargi
   118 | D        | Arena points: 54 (+42) [x3]
   119 | D        | Reached skill level 5 in Axes
   149 | D        | Round 3.
   174 | D        | Found a shimmering blue altar of Sif Muna.
   175 | D        | Found Muiket's Premium Goods.
   176 | D        | Found a basalt altar of Yredelemnul.
   176 | D        | Found a snail-covered altar of Cheibriados.
   176 | D        | Found Pokky's Weapon Rack.
   176 | D        | Found Yxefraxu's Miscellaneous Merchandise.
   176 | D        | Found Doemyts's Basic Armour.
   181 | D        | Reached XP level 6. HP: 19/61 MP: 5/5
   233 | D        | Reached skill level 10 in Armour
   233 | D        | Reached skill level 1 in Stealth
   235 | D        | Arena points: 138 (+84) [x4]
   236 | D        | Reached skill level 1 in Dodging
   284 | D        | Round 4.
   290 | D        | Noticed an ice devil
   302 | D        | Killed an ice devil
   303 | D        | Reached XP level 7. HP: 70/70 MP: 6/6
   313 | D        | Noticed an orange demon
   320 | D        | Killed an orange demon
   321 | D        | Reached skill level 10 in Axes
   331 | D        | Noticed a rust devil
   344 | D        | Noticed an ice devil
   345 | D        | Killed a rust devil
   345 | D        | Noticed an orange demon
   346 | D        | Reached skill level 10 in Fighting
   346 | D        | Reached skill level 10 in Shields
   346 | D        | Reached XP level 8. HP: 18/79 MP: 7/7
   352 | D        | Bought 4 potions of curing for 84 gold pieces
   352 | D        | Bought 4 potions of curing for 84 gold pieces
   352 | D        | Bought 3 potions of heal wounds for 105 gold pieces
   352 | D        | Bought 3 potions of heal wounds for 105 gold pieces
   352 | D        | Bought 3 potions of heal wounds for 105 gold pieces
   352 | D        | Bought 3 potions of heal wounds for 105 gold pieces
   352 | D        | Bought 3 potions of heal wounds for 105 gold pieces
   378 | D        | Slain by an ice devil

Illustrated notes

Levels and vault maps discovered:
D:        arena_sprint

Skill      XL: |  1  2  3  4  5  6  7 |
---------------+----------------------+-----
Fighting       | 5 6 7 8 9 10 | 10.1
Axes           | 3 4 6 9 11 | 11.7
Armour         | 5 6 7 9 10 11 | 11.9
Shields        | 5 6 7 8 9 10 | 10.1
Evocations     | 1 2 3 |  3.5
Stealth        | 1 |  1.7
Dodging        | 1 3 |  3.1

Action                     |  1- 3 |  4- 6 |  7- 9 || total
---------------------------+-------+-------+-------++-------
  Melee: War axe           |    14 |    38 |    19 ||    71
         Headbutt          |     2 |     9 |     6 ||    17
  Evoke: Wand              |     4 |     3 |     2 ||     9
    Use: Potion            |       |     6 |     3 ||     9
         Scroll            |       |       |     4 ||     4
 Armour: Scale mail        |     8 |    22 |    18 ||    48
  Dodge: Dodged            |     4 |    12 |     8 ||    24
  Block: Buckler           |       |    14 |     2 ||    16

Table legend: (Time is in decaauts)
 A = Elapsed time spent in this place.
 B = Non-inter-level travel time spent in this place.
 C = Inter-level travel time spent in this place.
 D = Time resting spent in this place.
 E = Time spent auto-exploring this place.
 F = Levels seen in this place.
 G = Mean time per level.
                   A        B        C        D        E       F      G
               +--------+--------+--------+--------+--------+-----+--------+
         Total |    402 |    402 |      0 |     89 |      2 |   1 |  402.0 |
       Dungeon |    402 |    402 |      0 |     89 |      2 |   1 |  402.0 |
               +--------+--------+--------+--------+--------+-----+--------+

Top non-repeatable levels by time:
       D: 402 daAuts
